TOP OF THE 1ST |
Montgomery Biscuits batting - Pitching for Gainesville Guidos : LHP José Acevedo
|
Pitching: LHP José Acevedo
|
|
Batting: RHB Carlos Vásquez
|
0-0: Ball 1-0: Ball 2-0: Called Strike 2-1: Ball 3-1: Called Strike 3-2: Strikes out swinging
|
Batting: RHB Warren Martin
|
0-0: Fly out, F7 (Flyball, 78M)
|
Batting: RHB Yujiro Kurihara
|
0-0: Called Strike 0-1: DOUBLE (Flyball, 89XD)
|
Batting: RHB Juan Díaz
|
0-0: Fly out, F6 (Popup, 6MD)
|
Top of the 1st over - 0 run(s), 1 hit(s), 0 error(s), 1 left on base; Montgomery 0 - Gainesville 0 |
BOTTOM OF THE 1ST |
Gainesville Guidos batting - Pitching for Montgomery Biscuits : RHP Francisco Ríos
|
Pitching: RHP Francisco Ríos
|
|
Batting: LHB Eddy Jefferson
|
0-0: Called Strike 0-1: Called Strike 0-2: Strikes out swinging
|
Batting: RHB John Little
|
0-0: Ball 1-0: Fly out, F8 (Flyball, 8LM)
|
Batting: RHB Júlio Galló
|
0-0: Ball 1-0: Called Strike 1-1: SINGLE (Line Drive, 6MD)
|
Batting: LHB António Cedeño
|
0-0: Ball Júlio Galló is caught stealing 2nd base
|
Bottom of the 1st over - 0 run(s), 1 hit(s), 0 error(s), 0 left on base; Montgomery 0 - Gainesville 0 |
TOP OF THE 2ND |
Montgomery Biscuits batting - Pitching for Gainesville Guidos : LHP José Acevedo
|
Batting: RHB Raúl Alejándrez
|
0-0: Ball 1-0: Ball 2-0: Ball 3-0: Called Strike 3-1: Foul Ball, location: 2F 3-2: Strikes out swinging
|
Batting: RHB Peyton Yardley
|
0-0: Ball 1-0: Ground out 6-3 (Groundball, 6M)
|
Batting: LHB Brian MacIntosh
|
0-0: Foul Ball, location: 2F 0-1: Foul Ball, location: 2F 0-2: Strikes out swinging
|
Top of the 2nd over - 0 run(s), 0 hit(s), 0 error(s), 0 left on base; Montgomery 0 - Gainesville 0 |
BOTTOM OF THE 2ND |
Gainesville Guidos batting - Pitching for Montgomery Biscuits : RHP Francisco Ríos
|
Batting: LHB António Cedeño
|
0-0: Called Strike 0-1: Foul Ball, location: 2F 0-2: Hit by Pitch
|
Batting: LHB Mark Owens
|
0-0: Ball 1-0: Foul Ball, location: 2F 1-1: Foul Ball, location: 2F 1-2: Strikes out swinging
|
Batting: RHB Kurt Walter
|
0-0: Called Strike 0-1: Swinging Strike 0-2: Strikes out swinging
|
Batting: RHB Kyle O'Day
|
0-0: Ball 1-0: Swinging Strike 1-1: Ball 2-1: Called Strike 2-2: Fly out, F4 (Line Drive, 4)
|
Bottom of the 2nd over - 0 run(s), 0 hit(s), 0 error(s), 1 left on base; Montgomery 0 - Gainesville 0 |
TOP OF THE 3RD |
Montgomery Biscuits batting - Pitching for Gainesville Guidos : LHP José Acevedo
|
Batting: SHB Jack Estes
|
0-0: Swinging Strike 0-1: Ball 1-1: SINGLE (Line Drive, 7S)
|
Batting: SHB Tony Echevarría
|
0-0: Called Strike 0-1: Ball 1-1: Ball 2-1: Ball 3-1: Called Strike 3-2: Strikes out looking Jack Estes steals 2nd base Batter strikes out.
|
Batting: RHB Carlos Vásquez
|
0-0: Ball 1-0: Called Strike 1-1: Called Strike 1-2: Ball 2-2: Ball 3-2: SINGLE (Line Drive, 56D) Jack Estes to third
|
Batting: RHB Warren Martin
|
0-0: Ball 1-0: Foul Ball, location: 2F 1-1: Ball 2-1: Grounds into double play, 5-4-3 (Groundball, 5)
|
Top of the 3rd over - 0 run(s), 2 hit(s), 0 error(s), 1 left on base; Montgomery 0 - Gainesville 0 |
BOTTOM OF THE 3RD |
Gainesville Guidos batting - Pitching for Montgomery Biscuits : RHP Francisco Ríos
|
Batting: RHB Alfredo Díaz
|
0-0: Ball 1-0: Foul Ball, location: 2F 1-1: SOLO HOME RUN (Flyball, 78XD), Distance : 380 ft
|
Batting: RHB Juan Reyes
|
0-0: Fly out, F4 (Popup, 4D)
|
Batting: LHB Eddy Jefferson
|
0-0: Foul Ball, location: 2F 0-1: Swinging Strike 0-2: Ball 1-2: Strikes out swinging
|
Batting: RHB John Little
|
0-0: Ground out 1-3 (Groundball, 15)
|
Bottom of the 3rd over - 1 run(s), 1 hit(s), 0 error(s), 0 left on base; Montgomery 0 - Gainesville 1 |
TOP OF THE 4TH |
Montgomery Biscuits batting - Pitching for Gainesville Guidos : LHP José Acevedo
|
Batting: RHB Yujiro Kurihara
|
0-0: Called Strike 0-1: Ball 1-1: Fly out, F9 (Flyball, 9M)
|
Batting: RHB Juan Díaz
|
0-0: Swinging Strike 0-1: Ball 1-1: Called Strike 1-2: Ball 2-2: Ball 3-2: Strikes out swinging
|
Batting: RHB Raúl Alejándrez
|
0-0: Ball 1-0: Ball 2-0: SOLO HOME RUN (Flyball, 89XD), Distance : 406 ft
|
Batting: RHB Peyton Yardley
|
0-0: Swinging Strike 0-1: Called Strike 0-2: Ball 1-2: Strikes out looking
|
Top of the 4th over - 1 run(s), 1 hit(s), 0 error(s), 0 left on base; Montgomery 1 - Gainesville 1 |
BOTTOM OF THE 4TH |
Gainesville Guidos batting - Pitching for Montgomery Biscuits : RHP Francisco Ríos
|
Batting: RHB Júlio Galló
|
0-0: Ball 1-0: Fly out, F9 (Flyball, 9M)
|
Batting: LHB António Cedeño
|
0-0: Foul Ball, location: 2F 0-1: Foul Ball, location: 2F 0-2: Ball 1-2: Strikes out swinging
|
Batting: LHB Mark Owens
|
0-0: Called Strike 0-1: Ball 1-1: Ball 2-1: Ball 3-1: Base on Balls
|
Batting: RHB Kurt Walter
|
0-0: Foul Ball, location: 2F 0-1: Ball 1-1: Ball 2-1: Called Strike 2-2: Fly out, F4 (Line Drive, 4M)
|
Bottom of the 4th over - 0 run(s), 0 hit(s), 0 error(s), 1 left on base; Montgomery 1 - Gainesville 1 |
TOP OF THE 5TH |
Montgomery Biscuits batting - Pitching for Gainesville Guidos : LHP José Acevedo
|
Batting: LHB Brian MacIntosh
|
0-0: Ball 1-0: Called Strike 1-1: Ball 2-1: Fly out, F8 (Flyball, 8RXD)
|
Batting: SHB Jack Estes
|
0-0: Foul Ball, location: 2F 0-1: DOUBLE (Flyball, 8RXD)
|
Batting: SHB Tony Echevarría
|
0-0: Ball 1-0: Foul Ball, location: 2F 1-1: Called Strike 1-2: Foul Ball, location: 2F 1-2: Strikes out looking
|
Batting: RHB Carlos Vásquez
|
0-0: Foul Ball, location: 2F 0-1: Foul Ball, location: 2F 0-2: Fly out, F8 (Flyball, 8LD)
|
Top of the 5th over - 0 run(s), 1 hit(s), 0 error(s), 1 left on base; Montgomery 1 - Gainesville 1 |
BOTTOM OF THE 5TH |
Gainesville Guidos batting - Pitching for Montgomery Biscuits : RHP Francisco Ríos
|
Batting: RHB Kyle O'Day
|
0-0: Swinging Strike 0-1: Foul Ball, location: 2F 0-2: Strikes out swinging
|
Batting: RHB Alfredo Díaz
|
0-0: Ball 1-0: Ball 2-0: SINGLE (Line Drive, 7S)
|
Batting: RHB Juan Reyes
|
0-0: Ball 1-0: Foul Ball, location: 2F 1-1: Ball 2-1: Called Strike 2-2: Foul Ball, location: 2F 2-2: Strikes out looking
|
Batting: LHB Eddy Jefferson
|
0-0: DOUBLE (Line Drive, 9LD) Alfredo Díaz to third
|
Batting: RHB John Little
|
0-0: Ball 1-0: Swinging Strike 1-1: Ball 2-1: Ground out 4-3 (Groundball, 4M)
|
Bottom of the 5th over - 0 run(s), 2 hit(s), 0 error(s), 2 left on base; Montgomery 1 - Gainesville 1 |
TOP OF THE 6TH |
Montgomery Biscuits batting - Pitching for Gainesville Guidos : LHP José Acevedo
|
Batting: RHB Warren Martin
|
0-0: Foul Ball, location: 2F 0-1: Fly out, F4 (Popup, 6MD)
|
Batting: RHB Yujiro Kurihara
|
0-0: Ball 1-0: Swinging Strike 1-1: Foul Ball, location: 2F 1-2: Strikes out swinging
|
Batting: RHB Juan Díaz
|
0-0: Ball 1-0: SINGLE (Flyball, 8RS)
|
Batting: RHB Raúl Alejándrez
|
0-0: Ball 1-0: Fly out, F7 (Flyball, 7M)
|
Top of the 6th over - 0 run(s), 1 hit(s), 0 error(s), 1 left on base; Montgomery 1 - Gainesville 1 |
BOTTOM OF THE 6TH |
Gainesville Guidos batting - Pitching for Montgomery Biscuits : RHP Francisco Ríos
|
Batting: RHB Júlio Galló
|
0-0: Called Strike 0-1: Ball 1-1: Ball 2-1: SINGLE (Flyball, 8RS)
|
Batting: LHB António Cedeño
|
0-0: Grounds into double play, U4-3 (Groundball, 4M)
|
Batting: LHB Mark Owens
|
0-0: SOLO HOME RUN (Line Drive, 9D), Distance : 372 ft
|
Batting: RHB Kurt Walter
|
0-0: Ground out 5-3 (Groundball, 56S)
|
Bottom of the 6th over - 1 run(s), 2 hit(s), 0 error(s), 0 left on base; Montgomery 1 - Gainesville 2 |
TOP OF THE 7TH |
Montgomery Biscuits batting - Pitching for Gainesville Guidos : LHP José Acevedo
|
Batting: RHB Peyton Yardley
|
0-0: Fly out, F8 (Flyball, 89D)
|
Now in CF: Mark McDonald
|
|
Batting: LHB Brian MacIntosh
|
0-0: Called Strike 0-1: Ball 1-1: Foul Ball, location: 2F 1-2: Fly out, F3 (Popup, 3S)
|
Batting: SHB Jack Estes
|
0-0: SINGLE (Groundball, 4MD) (infield hit)
|
Batting: SHB Tony Echevarría
|
0-0: DOUBLE (Line Drive, 89XD) Jack Estes to third Runner from 3rd tries for Home, SAFE, no throw or cutoff
|
Pinch Hitting: RHB Pete Smith
|
0-0: Swinging Strike 0-1: Foul Ball, location: 2F 0-2: Strikes out swinging
|
Top of the 7th over - 1 run(s), 2 hit(s), 0 error(s), 1 left on base; Montgomery 2 - Gainesville 2 |
BOTTOM OF THE 7TH |
Gainesville Guidos batting - Pitching for Montgomery Biscuits : RHP Francisco Ríos
|
Now at SS: Lawrence Farley
|
|
Pinch Hitting: RHB Lynn Ford
|
0-0: Ball 1-0: Foul Ball, location: 2F 1-1: Ball 2-1: Ground out 4-3 (Groundball, 4)
|
Batting: RHB Alfredo Díaz
|
0-0: Called Strike 0-1: Foul Ball, location: 2F 0-2: Strikes out swinging
|
Batting: RHB Juan Reyes
|
0-0: Called Strike 0-1: Ball 1-1: Ground out 6-3 (Groundball, 6M)
|
Bottom of the 7th over - 0 run(s), 0 hit(s), 0 error(s), 0 left on base; Montgomery 2 - Gainesville 2 |
TOP OF THE 8TH |
Montgomery Biscuits batting - Pitching for Gainesville Guidos : LHP José Acevedo
|
Now in CF: Lynn Ford
|
|
Batting: RHB Warren Martin
|
0-0: Fly out, F8 (Flyball, 89M)
|
Batting: RHB Yujiro Kurihara
|
0-0: Ball 1-0: Foul Ball, location: 2F 1-1: Swinging Strike 1-2: Ball 2-2: Ball 3-2: DOUBLE (Flyball, 89M)
|
Batting: RHB Juan Díaz
|
0-0: Intentional Walk
|
Pitching: RHP Marlon Ryan
|
|
Batting: RHB Raúl Alejándrez
|
0-0: Fly out, F9 (Flyball, 9M)
|
Batting: RHB Peyton Yardley
|
0-0: Ball 1-0: Foul Ball, location: 2F 1-1: Fielders Choice at 2nd, 6-4 (Groundball, 6)
|
Top of the 8th over - 0 run(s), 1 hit(s), 0 error(s), 1 left on base; Montgomery 2 - Gainesville 2 |
BOTTOM OF THE 8TH |
Gainesville Guidos batting - Pitching for Montgomery Biscuits : RHP Francisco Ríos
|
Pitching: RHP Jim Baker
|
|
Batting: LHB Eddy Jefferson
|
0-0: Called Strike 0-1: Ball 1-1: Ball 2-1: Fly out, F7 (Line Drive, 7LM)
|
Batting: RHB John Little
|
0-0: Ball 1-0: Ball 2-0: Foul Ball, location: 2F 2-1: Fly out, F9 (Flyball, 9M)
|
Pinch Hitting: RHB Doug Coleman
|
0-0: Called Strike 0-1: Foul Ball, location: 2F 0-2: Ball 1-2: Foul Ball, location: 2F 1-2: Ball 2-2: Foul Ball, location: 2F 2-2: Foul Ball, location: 2F 2-2: Strikes out looking
|
Bottom of the 8th over - 0 run(s), 0 hit(s), 0 error(s), 0 left on base; Montgomery 2 - Gainesville 2 |
TOP OF THE 9TH |
Montgomery Biscuits batting - Pitching for Gainesville Guidos : RHP Marlon Ryan
|
Pitching: LHP Mike Scott
|
|
Now at SS: Iván Moreno
|
|
Batting: LHB Brian MacIntosh
|
0-0: Ground out U3 (Groundball, 3L)
|
Batting: SHB Jack Estes
|
0-0: Called Strike 0-1: Ball 1-1: Ball 2-1: Called Strike 2-2: DOUBLE (Line Drive, 9LS)
|
Pinch Hitting: RHB Dave Williams
|
0-0: Ball 1-0: Called Strike 1-1: Foul Ball, location: 2F 1-2: Strikes out swinging
|
Batting: SHB Lawrence Farley
|
0-0: Foul Ball, location: 2F 0-1: Called Strike 0-2: Ball 1-2: Ball 2-2: Ball 3-2: Base on Balls
|
Batting: RHB Warren Martin
|
0-0: Ball 1-0: Called Strike 1-1: SINGLE (Groundball, 6MD) (infield hit) Jack Estes to third Lawrence Farley to second
|
Batting: RHB Yujiro Kurihara
|
0-0: Ball 1-0: Called Strike 1-1: Ball 2-1: Called Strike 2-2: Foul Ball, location: 2F 2-2: Strikes out swinging
|
Top of the 9th over - 0 run(s), 2 hit(s), 0 error(s), 3 left on base; Montgomery 2 - Gainesville 2 |
BOTTOM OF THE 9TH |
Gainesville Guidos batting - Pitching for Montgomery Biscuits : RHP Jim Baker
|
Now at C: António Fernández
|
|
Batting: LHB António Cedeño
|
0-0: Foul Ball, location: 2F 0-1: Called Strike 0-2: Foul Ball, location: 2F 0-2: Ball 1-2: Foul Ball, location: 2F 1-2: Foul Ball, location: 2F 1-2: Strikes out looking
|
Batting: LHB Mark Owens
|
0-0: Ball 1-0: Foul Ball, location: 2F 1-1: Called Strike 1-2: Ball 2-2: Ball 3-2: Base on Balls
|
Pinch Runner at 1st Will Evans:
|
|
Batting: RHB Kurt Walter
|
0-0: Called Strike 0-1: SINGLE (Flyball, 78S) Will Evans to second
|
Batting: RHB Lynn Ford
|
0-0: Ball Will Evans is caught stealing 3rd base Kurt Walter to second 1-0: Swinging Strike 1-1: Called Strike 1-2: Ball 2-2: Ground out 6-3 (Groundball, 6)
|
Bottom of the 9th over - 0 run(s), 1 hit(s), 0 error(s), 1 left on base; Montgomery 2 - Gainesville 2 |
TOP OF THE 10TH |
Montgomery Biscuits batting - Pitching for Gainesville Guidos : LHP Mike Scott
|
Now at 3B: Will Evans
|
|
Batting: RHB Juan Díaz
|
0-0: Ball 1-0: Swinging Strike 1-1: Ground out 4-3 (Groundball, 4)
|
Batting: RHB Raúl Alejándrez
|
0-0: Called Strike 0-1: Ball 1-1: Foul Ball, location: 2F 1-2: Strikes out swinging
|
Batting: RHB Peyton Yardley
|
0-0: Ball 1-0: Swinging Strike 1-1: Swinging Strike 1-2: Foul Ball, location: 2F 1-2: Ball 2-2: Ball 3-2: Strikes out swinging
|
Top of the 10th over - 0 run(s), 0 hit(s), 0 error(s), 0 left on base; Montgomery 2 - Gainesville 2 |
BOTTOM OF THE 10TH |
Gainesville Guidos batting - Pitching for Montgomery Biscuits : RHP Jim Baker
|
Batting: RHB Alfredo Díaz
|
0-0: Called Strike 0-1: Foul Ball, location: 2F 0-2: Ball 1-2: Ball 2-2: Foul Ball, location: 2F 2-2: Foul Ball, location: 2F 2-2: Strikes out swinging
|
Batting: RHB Juan Reyes
|
0-0: Called Strike 0-1: Fly out, F9 (Flyball, 9D)
|
Batting: LHB Eddy Jefferson
|
0-0: SINGLE (Line Drive, 9LM)
|
Batting: RHB John Little
|
0-0: Called Strike Eddy Jefferson steals 2nd base 0-1: Ball 1-1: Fly out, F7 (Flyball, 78M)
|
Bottom of the 10th over - 0 run(s), 1 hit(s), 0 error(s), 1 left on base; Montgomery 2 - Gainesville 2 |
TOP OF THE 11TH |
Montgomery Biscuits batting - Pitching for Gainesville Guidos : LHP Mike Scott
|
Pitching: RHP Matt Johnston
|
|
Batting: LHB Brian MacIntosh
|
0-0: SINGLE (Groundball, 13) (infield hit)
|
Batting: SHB Jack Estes
|
0-0: Ball 1-0: Sac Bunt - play at second, runner OUT! 1-6
|
Batting: LHB António Fernández
|
0-0: Foul Ball, location: 2F 0-1: Ball 1-1: Ball 2-1: Foul Ball, location: 2F 2-2: Strikes out looking
|
Batting: SHB Lawrence Farley
|
0-0: Foul Ball, location: 2F 0-1: Ball 1-1: Foul Ball, location: 2F 1-2: Ball 2-2: SINGLE (Line Drive, 78S) Jack Estes to second
|
Batting: RHB Warren Martin
|
0-0: Ground out 6-3 (Groundball, 6)
|
Top of the 11th over - 0 run(s), 2 hit(s), 0 error(s), 2 left on base; Montgomery 2 - Gainesville 2 |
BOTTOM OF THE 11TH |
Gainesville Guidos batting - Pitching for Montgomery Biscuits : RHP Jim Baker
|
Batting: RHB Iván Moreno
|
0-0: Ball 1-0: Fly out, F9 (Flyball, 89M)
|
Pitching: RHP Guillermo Lozano
|
|
Batting: LHB António Cedeño
|
0-0: Ball 1-0: Called Strike 1-1: Ball 2-1: Swinging Strike 2-2: SINGLE (Groundball, 34D) (infield hit)
|
Pinch Hitting: LHB Scott Young
|
0-0: Ball 1-0: Ball 2-0: Ball 3-0: Base on Balls António Cedeño to second
|
Batting: RHB Kurt Walter
|
0-0: Called Strike 0-1: Foul Ball, location: 2F 0-2: Ball 1-2: Strikes out swinging
|
Batting: RHB Lynn Ford
|
0-0: Called Strike 0-1: Ball 1-1: Called Strike 1-2: Fly out, F3 (Popup, 3F)
|
Bottom of the 11th over - 0 run(s), 1 hit(s), 0 error(s), 2 left on base; Montgomery 2 - Gainesville 2 |
TOP OF THE 12TH |
Montgomery Biscuits batting - Pitching for Gainesville Guidos : RHP Matt Johnston
|
Now at 3B: Scott Young
|
|
Batting: RHB Yujiro Kurihara
|
0-0: Foul Ball, location: 2F 0-1: SINGLE (Line Drive, 7S)
|
Batting: RHB Juan Díaz
|
0-0: Ball 1-0: Foul Ball, location: 2F 1-1: Grounds into double play, 4-6-3 (Groundball, 34)
|
Batting: RHB Raúl Alejándrez
|
0-0: Ball 1-0: Ball 2-0: Swinging Strike 2-1: Called Strike 2-2: Fly out, F7 (Flyball, 78M)
|
Top of the 12th over - 0 run(s), 1 hit(s), 0 error(s), 0 left on base; Montgomery 2 - Gainesville 2 |
BOTTOM OF THE 12TH |
Gainesville Guidos batting - Pitching for Montgomery Biscuits : RHP Guillermo Lozano
|
Batting: RHB Alfredo Díaz
|
0-0: Ball 1-0: Ball 2-0: Ball 3-0: Called Strike 3-1: Fly out, F6 (Line Drive, 6D)
|
Batting: RHB Juan Reyes
|
0-0: Called Strike 0-1: Swinging Strike 0-2: Ball 1-2: Ground out 3-1 (Groundball, 34)
|
Batting: LHB Eddy Jefferson
|
0-0: Ball 1-0: Foul Ball, location: 2F 1-1: Ball 2-1: Swinging Strike 2-2: Ball 3-2: Base on Balls
|
Batting: RHB John Little
|
0-0: Ball Eddy Jefferson steals 2nd base 1-0: Called Strike 1-1: Ground out 4-3 (Groundball, 4M)
|
Bottom of the 12th over - 0 run(s), 0 hit(s), 0 error(s), 1 left on base; Montgomery 2 - Gainesville 2 |
TOP OF THE 13TH |
Montgomery Biscuits batting - Pitching for Gainesville Guidos : RHP Matt Johnston
|
Batting: RHB Peyton Yardley
|
0-0: Ground out 5-3 (Groundball, 5)
|
Batting: LHB Brian MacIntosh
|
0-0: Called Strike 0-1: Ball 1-1: Swinging Strike 1-2: Ground out 1-3 (Groundball, 15)
|
Batting: SHB Jack Estes
|
0-0: Foul Ball, location: 2F 0-1: Ball 1-1: Ball 2-1: Foul Ball, location: 2F 2-2: Fly out, F6 (Popup, 56)
|
Top of the 13th over - 0 run(s), 0 hit(s), 0 error(s), 0 left on base; Montgomery 2 - Gainesville 2 |
BOTTOM OF THE 13TH |
Gainesville Guidos batting - Pitching for Montgomery Biscuits : RHP Guillermo Lozano
|
Batting: RHB Iván Moreno
|
0-0: Ball 1-0: Foul Ball, location: 2F 1-1: Foul Ball, location: 2F 1-2: Foul Ball, location: 2F 1-2: Foul Ball, location: 2F 1-2: Ground out 4-3 (Groundball, 4M)
|
Pitching: RHP Rick Grant
|
|
Batting: LHB António Cedeño
|
0-0: Ground out 4-3 (Groundball, 4M)
|
Batting: LHB Scott Young
|
0-0: Swinging Strike 0-1: SINGLE (Flyball, 8RS) - OUT at second base trying to stretch hit.
|
Bottom of the 13th over - 0 run(s), 1 hit(s), 0 error(s), 0 left on base; Montgomery 2 - Gainesville 2 |
TOP OF THE 14TH |
Montgomery Biscuits batting - Pitching for Gainesville Guidos : RHP Matt Johnston
|
Batting: LHB António Fernández
|
0-0: Called Strike 0-1: Ball 1-1: Ball 2-1: Called Strike 2-2: Ball 3-2: Base on Balls
|
Batting: SHB Lawrence Farley
|
0-0: Sac Bunt - play at first, batter OUT! 1-4 António Fernández to second
|
Batting: RHB Warren Martin
|
0-0: Swinging Strike 0-1: Ball 1-1: Ball 2-1: Ball 3-1: SINGLE (Groundball, 56) António Fernández to third Runner from 3rd tries for Home, SAFE, throw made home Warren Martin to second
|
Pitching: RHP Josh Higgins
|
|
Batting: RHB Yujiro Kurihara
|
0-0: Called Strike 0-1: Called Strike 0-2: Strikes out swinging
|
Batting: RHB Juan Díaz
|
0-0: Called Strike 0-1: Ball 1-1: Foul Ball, location: 2F 1-2: Ball 2-2: Ball 3-2: Strikes out looking
|
Top of the 14th over - 1 run(s), 1 hit(s), 0 error(s), 1 left on base; Montgomery 3 - Gainesville 2 |
BOTTOM OF THE 14TH |
Gainesville Guidos batting - Pitching for Montgomery Biscuits : RHP Rick Grant
|
Batting: RHB Kurt Walter
|
0-0: Foul Ball, location: 2F 0-1: Called Strike 0-2: Strikes out swinging
|
Batting: RHB Lynn Ford
|
0-0: Ball 1-0: Swinging Strike 1-1: Ball 2-1: Foul Ball, location: 2F 2-2: Fly out, F5 (Popup, 5F)
|
Batting: RHB Alfredo Díaz
|
0-0: Foul Ball, location: 2F 0-1: Called Strike 0-2: Ball 1-2: Strikes out swinging
|
Bottom of the 14th over - 0 run(s), 0 hit(s), 0 error(s), 0 left on base; Montgomery 3 - Gainesville 2 |
|